 Dungeon Crawl Stone Soup version 0.31.0-7-gf635a9b802 (webtiles) character file.

Game seed: 9777155962336116034

3047 booth the Mimic (level 9, -10/84 (88) HPs)
             Began as a Troll Shapeshifter on Jan 22, 2024.
             Was a High Priest of Cheibriados.
             Mangled by a wight
             ... wielding a +4 flail
              (15 damage)
             ... on level 8 of the Dungeon on Jan 23, 2024.
             The game lasted 00:56:49 (7179 turns).

booth the Mimic (Troll Shapeshifter)                Turns: 7179, Time: 00:56:49

HP:   -10/84 (88)   AC:  2    Str: 38    XL:     9   Next: 56%
MP:   8/8           EV: 14    Int: 20    God:    Cheibriados [*****.]
Gold: 88            SH:  0    Dex: 27    Spells: 8/8 levels left

rFire   + .          .
                       - Unarmed
rCold   + . .        (shield currently unavailable)
rNeg    . . .        a - melded +1 animal skin
rPois   .            (helmet restricted)
rElec   .            B - scarf {rC+ rF+}
rCorr   .            (gloves unavailable)
SInv    .            (boots unavailable)
Will    .....        (no amulet)
Stlth   +            (no ring)
HPRegen 1.14/turn    (no ring)
MPRegen 0.11/turn

%: no passive effects
@: flux-form, glowing, lightly drained, very slow
A: glow, contaminating, large, unfitting armour, claws 3, regeneration 1, shaggy
fur 1, tough skin 1
a: Begin Untransformation, Renounce Religion, Bend Time, Temporal Distortion,
Slouch, Step From Time


You were on level 8 of the Dungeon.
You worshipped Cheibriados.
Cheibriados was extremely pleased with you.
You were something dangerously unstable.
You visited 2 branches of the dungeon, and saw 9 of its levels.
You also visited: Sewer and Ossuary.

You collected 330 gold pieces.
You spent 242 gold pieces at shops.

Inventory:

Hand Weapons
 h - a +1 mace of freezing
 k - the +11 Singing Sword {sonic wave}
   (You found it on level 6 of the Dungeon)
 z - a +0 giant club
Missiles
 j - 7 boomerangs (quivered)
 u - 4 atropa-tipped darts
 y - 3 poisoned darts
Armour
 a - a +1 animal skin (melded)
 l - a +0 cloak
 B - a scarf of resistance (worn)
Jewellery
 p - a +6 ring of intelligence
 s - a ring of fire
Talismans
 c - a beast talisman
 d - a flux talisman (active)
Wands
 w - a wand of light (18)
Scrolls
 e - a scroll of poison
 f - a scroll of fog
 g - 4 scrolls of revelation
 i - 2 scrolls of teleportation
 m - 2 scrolls of noise
 o - 2 scrolls of torment
 r - 3 scrolls of immolation
 t - 2 scrolls of summoning
 x - a scroll of blinking {unknown}
Potions
 b - 3 potions of brilliance
 n - 4 potions of curing
 q - 3 potions of lignification
 A - a potion of enlightenment


   Skills:
 + Level 5.5 Fighting
 - Level 1.5 Dodging
 + Level 7.3 Unarmed Combat
 * Level 9.3 Shapeshifting


You had 8 spell levels left.
You didn't know any spells.
Your spell library contained the following spells:

 Spells                   Type           Power      Damage    Failure   Level
 Apportation              Tloc           0%         N/A       19%         1
 Magic Dart               Conj           0%         1d3       19%         1
 Cigotuvi's Dreadful Rot  Necr/Alch/Air  0%         N/A       28%         2
 Jinxbite                 Hex            0%         N/A       28%         2
 Searing Ray              Conj           0%         2d4       28%         2
 Dispel Undead            Necr           0%         3d6       88%         4
 Fulminant Prism          Conj/Alch      0%         3d5       88%         4
 Martyr's Knell           Necr/Summ      0%         N/A       88%         4
 Alistair's Intoxication  Alch           0%         N/A       99%         5
 Death Channel            Necr           0%         N/A       100%        6


Dungeon Overview and Level Annotations

Branches:
Dungeon (8/15)             Temple (1/1) D:6           Sewer (visited)
Ossuary (visited)
   Lair: D:8-11

Altars:
Ashenzari
Cheibriados
Dithmenos
Elyvilon
Fedhas
Gozag
Hepliaklqana
Makhleb
Nemelex Xobeh
Okawaru
Qazlal
Ru
Sif Muna
Trog
Uskayaw
Vehumet
Wu Jian
Xom
Yredelemnul
Zin
The Shining One

Shops:
D:2 *


Innate Abilities, Weirdness & Mutations

You are something dangerously unstable.
You glow with magical radiation, making you easy to see and hit.
Foes you strike become dangerously contaminated with magical radiation.
You are incapable of wielding weapons or throwing items.
You are too large for most types of armour.
You have claws for hands.
Your natural rate of healing is unusually fast.
You are covered in fur. (AC +1)
You have tough skin. (AC +1)


Message History

You kill the steam dragon!
Cheibriados appreciates the change of pace.
The steam dragon scales are intact enough to wear.
The wight misses you.
The kobold brigand hits you with a +0 dagger.
Your life force feels restored.
You scratch the kobold brigand.
The kobold brigand shudders as magic cascades through it.
The kobold brigand twists and deforms.
The kobold brigand is severely wounded.
The orc hits you with a +0 dagger. The wight misses you.
The wight barely misses you.
The kobold brigand hits you with a +0 dagger.
You claw the kobold brigand!
The kobold brigand begins to glow.
The kobold brigand is almost dead.
The orc closely misses you. The wight hits you with a +4 flail!
You feel drained.
The wight hits you with a +3 long sword!
* * * LOW HITPOINT WARNING * * *
The kobold brigand hits you with a +0 dagger.
* * * LOW HITPOINT WARNING * * *
You claw the kobold brigand!
You kill the kobold brigand!
Cheibriados appreciates the change of pace.
The wight hits you with a +3 long sword!
* * * LOW HITPOINT WARNING * * *
You feel drained.
* * * LOW HITPOINT WARNING * * *
The orc hits you with a +0 dagger.
* * * LOW HITPOINT WARNING * * *
You feel much better. The wight misses you. The orc misses you.
The wight hits you with a +4 flail!!
* * * LOW HITPOINT WARNING * * *
The wight barely misses you.
The wight hits you with a +3 long sword!
* * * LOW HITPOINT WARNING * * *
The orc hits you with a +0 dagger.
* * * LOW HITPOINT WARNING * * *
The wight hits you with a +4 flail!
You die...

...# #...#
. ..?.#..
##......
###.$...#
##......#
##..zzz..#
#...op#
......###
#.... ....
.#. #


You could see 3 wights and an orc.

Vanquished Creatures
  Eustachio (D:6)
  A steam dragon (D:8)
  Duvessa (D:4)
  A water moccasin (D:6)
  An ice beast (D:7)
  An orc warrior (D:7)
  2 black bears (D:5)
  An ogre (D:5)
  2 phantoms
  A kobold brigand (D:8)
  A bullfrog (D:7)
  A brain worm (Sewer)
  4 scorpions
  A wight (D:8)
  Dowan (D:4)
  4 killer bees (D:7)
  6 crimson imps (D:6)
  A bombardier beetle (D:7)
  A centaur zombie (Ossuary)
  6 hounds
  A jelly (D:6)
  3 orc priests
  A sleepcap (D:6)
  Crazy Yiuf (D:3)
  Jessica (D:3)
  An iguana (D:7)
  Natasha (thrice) (D:4)
  4 orc wizards (D:7)
  4 crocodile zombies (Ossuary)
  3 mummies (Ossuary)
  Robin (D:2)
  3 gnolls (D:4)
  8 adders
  3 river rats
  A shadow imp (D:6)
  3 white imps (D:6)
  3 ribbon worms
  4 dart slugs
  10 orcs
  7 endoplasms
  5 giant cockroaches
  15 goblins
  12 hobgoblins
  16 jackals
  9 quokkas
  11 ball pythons
  20 bats
  6 frilled lizards
  2 gnoll zombies (Ossuary)
  7 kobolds
  6 kobold zombies (Ossuary)
  9 rats
221 creatures vanquished.

Vanquished Creatures (others)
  3 kobolds (D:8)
3 creatures vanquished.

Grand Total: 224 creatures vanquished

Notes
Turn   | Place    | Note
-------+----------+-------------------------------------------
     0 | D:1      | booth the Troll Shapeshifter began the quest for the Orb.
     0 | D:1      | Reached XP level 1. HP: 18/18 MP: 0/0
   129 | D:1      | Reached skill level 1 in Fighting
   176 | D:1      | Reached XP level 2. HP: 25/27 MP: 1/1
   389 | D:1      | You fall into a shaft and drop 1 floor!
   444 | D:2      | Reached XP level 3. HP: 33/33 MP: 2/2
   598 | D:2      | Found a broken altar of Ashenzari.
   689 | D:2      | Noticed Robin
   721 | D:2      | Killed Robin
   746 | D:2      | Found Jaymuc's Assorted Antiques.
   786 | D:2      | Found a faded altar of an unknown god.
   801 | D:2      | Reached XP level 4. HP: 41/41 MP: 3/3
   801 | D:2      | Prayed at the altar of an unknown god.
   801 | D:2      | Became a worshipper of Cheibriados the Contemplative
   801 | D:2      | Reached * piety under Cheibriados
  1365 | D:2      | Reached skill level 4 in Shapeshifting
  1600 | D:2      | Reached ** piety under Cheibriados
  1866 | D:3      | Found a radiant altar of Vehumet.
  2014 | D:3      | Reached XP level 5. HP: 49/49 MP: 4/4
  2034 | D:3      | Noticed Jessica
  2043 | D:3      | Killed Jessica
  2047 | D:3      | Found a burning altar of Makhleb.
  2411 | D:3      | Found a runed translucent door.
  2412 | D:3      | Noticed Crazy Yiuf
  2595 | D:3      | Killed Crazy Yiuf
  2661 | D:4      | Noticed Natasha
  2689 | D:4      | Killed Natasha
  2689 | D:4      | Reached *** piety under Cheibriados
  2722 | D:4      | Noticed Duvessa
  2727 | D:4      | Noticed Dowan
  2733 | D:4      | Killed Duvessa
  2734 | D:4      | Reached skill level 5 in Shapeshifting
  2734 | D:4      | Reached XP level 6. HP: 45/59 MP: 5/5
  2736 | D:4      | Killed Dowan
  2780 | D:4      | Noticed Natasha
  3061 | D:4      | Found a sand-covered staircase.
  3067 | Ossuary  | Entered an ossuary
  3112 | Ossuary  | Reached XP level 7. HP: 26/67 MP: 6/6
  3603 | D:4      | Killed Natasha
  3625 | D:4      | Reached skill level 5 in Unarmed Combat
  3625 | D:4      | Reached skill level 6 in Shapeshifting
  3722 | D:4      | Noticed Natasha
  3729 | D:4      | Killed Natasha
  3850 | D:5      | Entered Level 5 of the Dungeon
  3852 | D:5      | Upgraded the game from 0.31.0-4-g52a2dc7128 to
                  | 0.31.0-7-gf635a9b802
  3896 | D:5      | Reached **** piety under Cheibriados
  3908 | D:5      | Found a glowing drain.
  3948 | Sewer    | Entered a sewer
  4401 | Sewer    | Reached ***** piety under Cheibriados
  4833 | D:5      | Reached XP level 8. HP: 71/78 MP: 7/7
  4945 | D:5      | Found a glowing golden altar of the Shining One.
  5232 | D:5      | Reached skill level 7 in Shapeshifting
  5261 | D:5      | Found a blossoming altar of Fedhas.
  5511 | D:6      | Noticed Eustachio
  5527 | D:6      | Killed Eustachio
  5534 | D:6      | Reached skill level 8 in Shapeshifting
  5593 | D:6      | Found a sacrificial altar of Ru.
  5731 | D:6      | Reached XP level 9. HP: 72/87 MP: 8/8
  5745 | D:6      | Found a staircase to the Ecumenical Temple.
  5755 | D:6      | Identified the +8 falchion of Gozag's Scorn {flame, Str+2
                  | Int+2}
  5769 | Temple   | Entered the Ecumenical Temple
  5935 | D:6      | Found the +11 Singing Sword {sonic wave}
  6243 | D:7      | Reached skill level 5 in Fighting
  6290 | D:7      | Found an iron altar of Okawaru.
  6491 | D:7      | Found a broken altar of Ashenzari.
  6516 | D:7      | Reached skill level 9 in Shapeshifting
  6739 | D:7      | Found a snail-covered altar of Cheibriados.
  7015 | D:2      | Bought a potion of curing for 66 gold pieces
  7015 | D:2      | Bought an embroidered scarf for 176 gold pieces
  7179 | D:8      | Mangled by a wight

Illustrated notes

Levels and vault maps discovered:
D:1:      sevenhm_arrival_forest_fort_large_2, layout_loops_ring,
          minmay_misc_feat_cross
D:2:      layout_loops_ring, hellmonk_ecumenical_altar_heavens_door,
          serial_shops, shop, basic_altar, minmay_misc_feat_diagonals,
          uniq_robin
D:3:      layout_loops_cross, fiery_altar_vehumet, lemuel_doored_altar,
          serial_bayou_lagoon_a, nrook_mini_backslash, uniq_jessica,
          uniq_crazy_yiuf_cottage
D:4:      layout_basic, enter_ossuary_2, kennysheep_generic_room_6,
          uniq_natasha, uniq_duvessa
D:5:      layout_gridville, fedhas_altar_4, mainiacjoe_overflow_alcove_1,
          portal_sewer_entry_b
D:6:      old_forge, layout_rooms, kennysheep_mini_moat,
          minmay_temple_entry_drinking_statues,
          serial_library_regret_index_double_sided, minmay_nine_imps,
          uniq_eustachio
D:7:      layout_loops_ring, ashenzari_altar_1, slow_altar_1, okawaru_trees_2,
          kennysheep_minor_cross, small_statue_intersection
D:8:      layout_rooms, enter_bailey_5, serial_glass, glass_columns_c,
          glass_columns_b, minmay_circle_x, uniq_maggie
Temple:   oiseaux_autumnal_temple

Skill      XL: |  1  2  3  4  5  6  7  8  9 |
---------------+----------------------------+-----
Fighting       | 1 2 3 4 5 |  5.5
Shapeshifting  | 4 5 6 8 9 |  9.3
Unarmed Combat | 4 5 6 7 |  7.3
Dodging        | |  1.5

Action                     |  1- 3 |  4- 6 |  7- 9 || total
---------------------------+-------+-------+-------++-------
  Melee: Unarmed           |   112 |   165 |   258 ||   535
         Punch             |     1 |     5 |     6 ||    12
  Throw: Boomerang         |       |     7 |     4 ||    11
 Invoke: Slouch            |       |       |     1 ||     1
Ability: Begin Untransform |       |     1 |       ||     1
    Use: Potion            |     2 |     2 |     7 ||    11
         Scroll            |       |     4 |    12 ||    16
   Stab: Sleeping          |       |     2 |     1 ||     3
 Armour: Animal skin       |    79 |   177 |    73 ||   329
         Skin              |    23 |       |   124 ||   147
  Dodge: Dodged            |    59 |   123 |   217 ||   399
   Form: Beast             |       |     1 |       ||     1
         Flux              |       |       |     1 ||     1
